 Dungeon Crawl Stone Soup version 0.30-a0-39-g42789b21ef (webtiles) character file.

Game seed: 18232613299004815943

49730 LabCoat the Severer (level 14, -2/129 HPs)
             Began as a Hill Orc Fighter on Aug 29, 2022.
             Was a High Priest of Trog.
             Slain by a death yak (4 damage)
             ... while petrified by a catoblepas
             ... on level 5 of the Lair of Beasts.
             The game lasted 01:44:23 (20808 turns).

LabCoat the Severer (Hill Orc Fighter)             Turns: 20808, Time: 01:44:23

Health: -2/129     AC: 28    Str: 24    XL:     14   Next: 52%
Magic:  1/14       EV:  2    Int: 14    God:    Trog [*****.]
Gold:   543        SH:  0    Dex: 10    Spells: 13/13 levels left

rFire   + . .      SeeInvis .    a - +2 war axe (elec)
rCold   + . .      Faith    .    c - +0 kite shield {AC+3}
rNeg    + + +      Spirit   .    e - +7 chain mail of Tiozier {Rampage rF+ rC+}
rPois   ∞          Reflect  .    i - +0 helmet of Fedhas's Wrath {rCorr Slay+3}
rElec   .          Harm     .    j - +0 cloak
rCorr   +          Rampage  +    R - +1 pair of gloves {infuse}
Will    +....                    (no boots)
Stlth   ..........               Z - amulet of regeneration
HPRegen 1.11/turn                B - +6 ring of intelligence
MPRegen 0.14/turn                K - +4 ring of slaying

@: petrified, on berserk cooldown, slowed
A: no striking features
a: Renounce Religion, Berserk, Trog's Hand, Brothers in Arms


You were on level 5 of the Lair of Beasts.
You worshipped Trog.
Trog was extremely pleased with you.
You visited 3 branches of the dungeon, and saw 17 of its levels.
You also visited: Sewer and Volcano.

You collected 1502 gold pieces.
You spent 959 gold pieces at shops.

Inventory:

Hand Weapons
 a - a +2 war axe of electrocution (weapon)
 d - a +0 broad axe
 t - a +2 vorpal war axe
 u - a +0 flail
Missiles
 f - 52 poisoned darts (quivered)
 v - 3 curare-tipped darts
 G - 10 javelins
 T - 6 boomerangs
Armour
 c - a +0 kite shield of protection (worn)
 e - the +7 chain mail of Tiozier (worn) {Rampage rF+ rC+}
   (You bought it in a shop on level 2 of the Dungeon)

   rF:        It protects you from fire.
   rC:        It protects you from cold.
   Rampage:   It bestows one free step when moving towards enemies.
 i - the +0 helmet of Fedhas's Wrath (worn) {rCorr Slay+3}
   (You acquired it on level 3 of the Lair of Beasts)

   Slay:      It affects your accuracy & damage with ranged weapons and melee
   (+3).
   rCorr:     It protects you from acid and corrosion.
 j - a +0 cloak (worn)
 C - a +0 troll leather armour {Pargi}
 P - +0 steam dragon scales
 Q - +0 acid dragon scales
 R - a +1 pair of gloves of infusion (worn)
 Y - a +2 plate armour of fire resistance
Jewellery
 m - a ring of willpower
 B - a +6 ring of intelligence (left hand)
 K - a +4 ring of slaying (right hand)
 N - an amulet of guardian spirit
 Z - an amulet of regeneration (around neck)
Wands
 y - a wand of quicksilver (1)
 H - a wand of roots (3)
 M - a wand of paralysis (3)
Scrolls
 b - 2 scrolls of amnesia
 g - 3 scrolls of noise {unknown}
 h - 5 scrolls of enchant armour
 l - 7 scrolls of immolation
 n - 9 scrolls of teleportation
 q - 2 scrolls of fog {unknown}
 s - 3 scrolls of magic mapping {unknown}
 w - 2 scrolls of summoning
 z - 3 scrolls of blinking
 W - 2 scrolls of silence
Potions
 k - 2 potions of ambrosia
 o - 7 potions of brilliance
 p - 3 potions of flight
 r - 3 potions of magic
 x - 3 potions of might
 D - 5 potions of heal wounds
 E - 3 potions of invisibility
 I - 2 potions of resistance
 J - a potion of cancellation {unknown}
 L - a potion of attraction {unknown}
 U - 2 potions of haste {unknown}
 V - 6 potions of curing
 X - 3 potions of lignification {unknown}


   Skills:
 + Level 13.1 Fighting
 - Level 18.6(19.3) Axes
 * Level 7.7(12.8) Maces & Flails
 + Level 8.1 Throwing
 + Level 12.2 Armour
 + Level 2.2 Dodging
 * Level 8.1 Shields
 + Level 3.8 Evocations


You had 13 spell levels left.
You didn't know any spells.
Your spell library contained the following spells:

 Spells                   Type           Power      Damage    Failure   Level
 Apportation              Tloc           0%         N/A       98%         1
 Necrotise                Necr           0%         1d4       98%         1
 Sandblast                Erth           0%         2d4       98%         1
 Summon Small Mammal      Summ           0%         N/A       98%         1
 Passwall                 Tmut/Erth      0%         N/A       99%         2
 Portal Projectile        Hex/Tloc       0%         N/A       100%        3
 Stone Arrow              Conj/Erth      0%         3d7       100%        3
 Tukima's Dance           Hex            0%         N/A       100%        3
 Anguish                  Hex/Necr       0%         N/A       100%        4
 Summon Lightning Spire   Summ/Air       0%         N/A       100%        4
 Blade Hands              Tmut           0%         N/A       100%        5
 Enfeeble                 Hex            0%         N/A       100%        7
 Storm Form               Tmut/Air       0%         N/A       100%        7
 Maxwell's Capacitive Co  Air            0%         ∞         100%        8


Dungeon Overview and Level Annotations

Branches:
Dungeon (11/15)            Temple (1/1) D:5            Lair (5/5) D:11
  Swamp (0/4) Lair:3        Snake (0/4) Lair:2          Orc (0/2) D:10
  Sewer (visited)         Volcano (visited)
  Slime: Lair:4-5

Altars:
Ashenzari
Cheibriados
Dithmenos
Elyvilon
Fedhas
Gozag
Hepliaklqana
Kikubaaqudgha
Makhleb
Nemelex Xobeh
Okawaru
Qazlal
Ru
Sif Muna
Trog
Uskayaw
Vehumet
Wu Jian
Xom
Yredelemnul
Zin
The Shining One

Shops:
D:2 *


Message History

The death yak is engulfed in calcifying dust.
The death yak barely misses you. You block the death yak's attack.
You have turned to stone.
You are no longer berserk.
You feel yourself slow down. The death yak gores you!
* * * LOW HITPOINT WARNING * * *
The catoblepas gores you but does no damage.
The death yak gores you!
* * * LOW HITPOINT WARNING * * *
The death yak gores you. x2
* * * LOW HITPOINT WARNING * * *
The catoblepas gores you but does no damage.
The death yak gores you but does no damage.
The catoblepas gores you.
* * * LOW HITPOINT WARNING * * *
The death yak gores you but does no damage.
The catoblepas smashes its foot into the ground.
The catoblepas gores you!
* * * LOW HITPOINT WARNING * * *
The death yak gores you but does no damage. x2
The death yak is no longer petrified.
The death yak completely misses you.
The death yak gores you but does no damage. x2
The catoblepas gores you!
* * * LOW HITPOINT WARNING * * *
The death yak gores you but does no damage.
The death yak completely misses you.
The death yak gores you but does no damage.
The catoblepas breathes a plume of calcifying dust at you.
The blast of calcifying dust hits you but does no damage.
You are engulfed in calcifying dust.
The death yak gores you.
* * * LOW HITPOINT WARNING * * *
The death yak gores you!
* * * LOW HITPOINT WARNING * * *
The catoblepas gores you but does no damage.
The death yak gores you but does no damage.
You are engulfed in calcifying dust.
The catoblepas gores you!
* * * LOW HITPOINT WARNING * * *
The death yak gores you but does no damage. x3
You are engulfed in calcifying dust.
The death yak gores you!
You die...

### ####### #
##P#P#..#..##P##.# ..#
#..P.#....P.#..... .....
.................. .
..... ............ .. ..
.... # #P.#..†.†# ##. ...
#..#.####.....######..
...##..##Y##......##...#.
.....kY@§##.....##^...#.
..##.†Y†Y......+.'....†#
###..##.......#...####
##.......##.†.######.##
#..†......#.....####.#.
#..##.#......†.†........
##.##......##†...........
#........................
#..#........#.#...#......


You could see 3 death yaks, a catoblepas and a lindwurm.

Vanquished Creatures
  Gastronok (D:9)
  Kirke (Lair:4)
  2 hydras (Lair:4)
  3 boulder beetles
  2 centaur warriors (D:11)
  A deep troll earth mage (D:11)
  2 two-headed ogres (D:10)
  5 death yaks (Lair:5)
  Urug (Lair:2)
  Nergalle (Lair:2)
  A goliath frog (Lair:5)
  A deep elf archer (Volcano)
  Pikel (D:9)
  6 deep elf pyromancers
  3 cyclopes
  3 elephants (Lair:4)
  Joseph (D:8)
  3 black mambas
  A torpor snail (Lair:5)
  Maggie (D:9)
  A gargoyle (D:11)
  12 cane toads
  An unseen horror (D:10)
  2 rime drakes (Lair:4)
  A yaktaur (D:11)
  7 komodo dragons
  3 polar bears
  Grinder (D:6)
  A hornet (D:11)
  10 blink frogs
  7 dream sheep (Lair:2)
  A centaur simulacrum (D:11)
  A shadow (D:8)
  3 hogs (Lair:4)
  49 yaks
  3 wyverns
  A vampire (D:8)
  3 fire elementals (Volcano)
  2 steam dragons (D:8)
  2 basilisks
  A human (Lair:4)
  Menkaure (D:4)
  Edmund (D:4)
  2 vampire mosquitoes (Lair:5)
  4 nagas (Lair:2)
  An acid dragon (D:8)
  8 water moccasins
  2 hell hounds (Volcano)
  Duvessa (D:5)
  Pargi (Sewer)
  6 orc warriors
  4 sky beasts
  3 ice beasts (D:7)
  A centaur (D:8)
  2 ogres
  A phantom (D:4)
  Blork the orc (D:4)
  17 bullfrogs
  9 kobold brigands
  3 necrophages
  2 scorpions
  3 wights
  Dowan (D:5)
  5 killer bees
  An electric eel (Lair:3)
  6 howler monkeys
  2 gnoll boudas
  4 hounds
  4 jellies
  11 orc priests
  Jessica (D:3)
  3 iguanas
  12 orc wizards
  A mummy (D:8)
  15 gnolls
  6 adders
  A river rat (D:5)
  2 shadow imps
  A white imp (D:6)
  4 ufetubi
  3 worms
  A dart slug (D:3)
  51 orcs
  3 ball pythons
  4 endoplasms
  5 giant cockroaches
  10 goblins
  6 hobgoblins
  5 quokkas
  5 bats
  7 frilled lizards
  27 kobolds
  9 rats
441 creatures vanquished.

Vanquished Creatures (collateral kills)
  A two-headed ogre (D:11)
  2 kobold demonologists (D:11)
  A shadow (D:11)
  A kobold brigand (D:11)
5 creatures vanquished.

Vanquished Creatures (others)
  A death yak (Lair:5)
  15 fungi
  87 plants
103 creatures vanquished.

Grand Total: 549 creatures vanquished

Notes
Turn   | Place    | Note
-------+----------+-------------------------------------------
     0 | D:1      | LabCoat the Hill Orc Fighter began the quest for the Orb.
     0 | D:1      | Reached XP level 1. HP: 19/19 MP: 1/1
   252 | D:1      | Reached skill level 3 in Axes
   252 | D:1      | Reached XP level 2. HP: 26/27 MP: 2/2
   381 | D:1      | Found a faded altar of an unknown god.
   658 | D:2      | Found a blossoming altar of Fedhas.
   660 | D:2      | Found Noedaf's General Store.
   667 | D:2      | Reached XP level 3. HP: 31/33 MP: 3/3
   811 | D:2      | Reached skill level 4 in Axes
  1520 | D:3      | Found an ancient bone altar of Kikubaaqudgha.
  1542 | D:3      | Found a hazy altar of Hepliaklqana.
  1578 | D:3      | Reached XP level 4. HP: 37/40 MP: 4/4
  1708 | D:3      | Found a bloodstained altar of Trog.
  1709 | D:3      | Found a glowing silver altar of Zin.
  1711 | D:3      | Became a worshipper of Trog the Wrathful
  1727 | D:3      | Noticed Jessica
  1731 | D:3      | Killed Jessica
  1882 | D:3      | Reached skill level 5 in Axes
  2083 | D:3      | Reached XP level 5. HP: 46/46 MP: 5/5
  2172 | D:4      | Noticed Blork the orc
  2177 | D:4      | Killed Blork the orc
  2178 | D:4      | Reached skill level 1 in Throwing
  2313 | D:4      | Found a radiant altar of Vehumet.
  2382 | D:4      | Noticed a phantom
  2389 | D:4      | Killed a phantom
  2390 | D:4      | Reached skill level 6 in Axes
  2390 | D:4      | Reached XP level 6. HP: 51/52 MP: 6/6
  2697 | D:4      | Reached * piety under Trog
  2723 | D:4      | Noticed Menkaure
  2728 | D:4      | Killed Menkaure
  2729 | D:4      | Reached skill level 7 in Axes
  2729 | D:4      | Reached XP level 7. HP: 33/60 MP: 7/7
  3021 | D:4      | Noticed Edmund
  3033 | D:4      | Killed Edmund
  3700 | D:5      | Entered Level 5 of the Dungeon
  3731 | D:5      | Reached skill level 8 in Axes
  3960 | D:5      | Found a staircase to the Ecumenical Temple.
  4111 | D:5      | Found a glowing drain.
  4120 | Sewer    | Entered a sewer
  4136 | Sewer    | Noticed Pargi
  4149 | Sewer    | Killed Pargi
  4416 | D:5      | Reached skill level 5 in Fighting
  4416 | D:5      | Reached skill level 9 in Axes
  4416 | D:5      | Reached XP level 8. HP: 68/68 MP: 8/8
  4622 | D:5      | Noticed Duvessa
  4625 | D:5      | Noticed Dowan
  4640 | D:5      | Killed Duvessa
  4641 | D:5      | Reached skill level 1 in Dodging
  4642 | D:5      | Killed Dowan
  5333 | Temple   | Entered the Ecumenical Temple
  5341 | Temple   | Reached skill level 5 in Armour
  5581 | D:5      | Reached skill level 10 in Axes
  5764 | D:6      | Identified the +8 trident "Naekis" {drain, rF+ rC+ Str-4
                  | Stlth+}
  6116 | D:6      | Reached ** piety under Trog
  6423 | D:6      | Noticed Grinder
  6425 | D:6      | Paralysed by Grinder for 4 turns
  6441 | D:6      | Paralysed by Grinder for 5 turns
  6447 | D:6      | Killed Grinder
  6849 | D:7      | Found a snail-covered altar of Cheibriados.
  6876 | D:7      | Reached XP level 9. HP: 42/75 MP: 9/9
  7122 | D:7      | Reached skill level 11 in Axes
  7362 | D:7      | Found a basalt altar of Yredelemnul.
  7776 | D:7      | Reached skill level 12 in Axes
  8482 | D:8      | Reached skill level 13 in Axes
  8634 | D:8      | Reached XP level 10. HP: 82/84 MP: 10/10
  8652 | D:8      | Noticed a cyclops
  8659 | D:8      | HP: 4/126 [cyclops (25)]
  8661 | D:8      | Killed a cyclops
  8662 | D:8      | Reached skill level 14 in Axes
  9286 | D:8      | Noticed Joseph
  9298 | D:8      | HP: 2/86 [Joseph/sling bullet (17)]
  9307 | D:8      | Killed Joseph
  9392 | D:8      | Reached skill level 15 in Axes
  9398 | D:8      | Reached *** piety under Trog
  9806 | D:8      | Found a blossoming altar of Fedhas.
  9854 | D:8      | Found a shimmering altar of Xom.
 10419 | D:9      | Reached skill level 5 in Shields
 10569 | D:9      | Noticed Pikel
 10589 | D:9      | Killed Pikel
 10590 | D:9      | Reached skill level 1 in Evocations
 10590 | D:9      | Noticed Maggie
 10597 | D:9      | Killed Maggie
 10598 | D:9      | Reached XP level 11. HP: 53/94 MP: 1/11
 10981 | D:9      | Noticed Gastronok
 11001 | D:9      | Killed Gastronok
 11002 | D:9      | Reached skill level 16 in Axes
 11272 | D:9      | Reached skill level 5 in Throwing
 11359 | D:9      | Found a white marble altar of Elyvilon.
 11414 | D:9      | Found a hide-covered altar of Uskayaw.
 11592 | D:10     | Entered Level 10 of the Dungeon
 11745 | D:9      | Reached **** piety under Trog
 12067 | D:10     | Found a staircase to the Orcish Mines.
 12502 | D:10     | Found an ornate altar of the Wu Jian Council.
 12926 | D:10     | Noticed a two-headed ogre
 12939 | D:10     | Killed a two-headed ogre
 13055 | D:10     | Noticed a two-headed ogre
 13072 | D:10     | Killed a two-headed ogre
 13125 | D:10     | Identified the +4 chain mail "Ymmakach" {Rampage Drain
                  | Dex+3}
 13170 | D:11     | Reached skill level 17 in Axes
 13215 | D:11     | Noticed a cyclops
 13229 | D:11     | Killed a cyclops
 13398 | D:11     | Noticed a two-headed ogre
 13407 | D:11     | Reached XP level 12. HP: 90/104 MP: 12/12
 13409 | D:11     | Killed a two-headed ogre
 13458 | D:11     | Found a staircase to the Lair.
 13670 | D:11     | Noticed a centaur warrior
 13679 | D:11     | Killed a centaur warrior
 13723 | D:11     | Noticed a centaur warrior
 13731 | D:11     | Killed a centaur warrior
 13871 | D:11     | Noticed a deep troll earth mage
 13871 | D:11     | Noticed a boulder beetle
 13885 | D:11     | Killed a deep troll earth mage
 14124 | D:2      | Bought the +7 chain mail of Tiozier {Rampage rF+ rC+} for
                  | 847 gold pieces
 14124 | D:2      | Bought a potion of heal wounds for 70 gold pieces
 14124 | D:2      | Bought a scroll of teleportation for 42 gold pieces
 14337 | D:11     | Noticed a boulder beetle
 14345 | D:11     | Killed a boulder beetle
 14450 | D:11     | Killed a boulder beetle
 14451 | D:11     | Reached skill level 10 in Fighting
 15483 | Lair:1   | Entered Level 1 of the Lair of Beasts
 15645 | Lair:1   | Reached skill level 18 in Axes
 15834 | Lair:1   | Reached skill level 10 in Armour
 15941 | Lair:1   | Noticed a boulder beetle
 15952 | Lair:1   | Killed a boulder beetle
 15997 | Lair:1   | Reached ***** piety under Trog
 16082 | Lair:1   | Reached XP level 13. HP: 115/115 MP: 0/13
 16895 | Lair:2   | Found a staircase to the Snake Pit.
 16953 | Lair:2   | Noticed Urug
 16976 | Lair:2   | Killed Urug
 17109 | Lair:2   | Found a dark tunnel.
 17117 | Volcano  | Entered a volcano
 17353 | Volcano  | Reached skill level 1 in Maces & Flails
 17443 | Volcano  | Received a gift from Trog
 17630 | Lair:2   | Noticed Nergalle
 17643 | Lair:2   | Killed Nergalle
 18121 | Lair:2   | Identified 2 scrolls of acquirement
 18121 | Lair:2   | Acquired a +0 kite shield of protection
 18167 | Lair:3   | Found a staircase to the Swamp.
 18493 | Lair:3   | Acquired the +0 helmet of Fedhas's Wrath {rCorr Slay+3}
 19186 | Lair:4   | Noticed Kirke
 19365 | Lair:4   | Killed Kirke
 19366 | Lair:4   | Reached XP level 14. HP: 127/127 MP: 2/14
 19858 | Lair:4   | Reached skill level 5 in Maces & Flails
 20254 | Lair:5   | Entered Level 5 of the Lair of Beasts
 20807 | Lair:5   | HP: 1/129 [catoblepas (7)]
 20808 | Lair:5   | Slain by a death yak

Illustrated notes

Levels and vault maps discovered:
D:1:      saegor_arrival_simple_d, layout_rooms, basic_ecumenical_altar
D:2:      layout_basic, serial_shops, shop, basic_altar
D:3:      layout_basic, mainiacjoe_overflow_large_starburst,
          nicolae_overflow_squiral, uniq_jessica
D:4:      layout_basic, mainiacjoe_overflow_brackets, kennysheep_nub,
          uniq_edmund, uniq_menkaure, uniq_blork_the_orc
D:5:      layout_basic, temple_statues, gup_sewer_entry_bubbles,
          minmay_misc_feat_ornament, uniq_duvessa
D:6:      layout_basic, minmay_misc_feat_x, hex_large, minmay_misc_feat_cross,
          uniq_grinder
D:7:      layout_loops_corners, kennysheep_mini_moat, old_standard_altar,
          minmay_fractal_squares_gapless_5
D:8:      kennysheep_windowed_halls, layout_rooms, amcnicky_altar_gilded,
          mainiacjoe_overflow_surrounded_room, gup_ossuary_entry_pyramid,
          uniq_joseph
D:9:      layout_cave_pools, kennysheep_little_box, old_standard_altar,
          minmay_holes, serial_bayou_pond_d, uniq_gastronok, uniq_maggie,
          uniq_pikel
D:10:     layout_long_grid, lemuel_crystal_altar, erik_orc_3,
          lightli_orcish_oven
D:11:     layout_small_grid, david_lair_shrubbed, minmay_evil_grid
Temple:   nicolae_temple_ecumenical_triangle
Lair:1:   layout_cave_pods
Lair:2:   layout_hall_layers, minmay_snake_entry_guardpost_medium,
          lightli_volcano_entry_magma_tube, uniq_nergalle, uniq_urug
Lair:3:   layout_misc_corridors, minmay_swamp_entry_eels, serial_rivers,
          chequers_serial_rivers_small_b, chequers_serial_rivers_micro_e,
          chequers_serial_rivers_micro_e, chequers_serial_rivers_marsh
Lair:4:   layout_gridlike, uniq_kirke
Lair:5:   minmay_lair_end_frog_pond, layout_regular_city,
          minmay_slime_entry_jelly_boxes, infiniplex_staircase_pool_2,
          grunt_megastairs_2

Skill      XL: |  1  2  3  4  5  6  7  8  9 10 11 12 13 14 |
---------------+-------------------------------------------+-----
Axes           | 3 4 5 6 7 9 10 13 15 17 18 | 18.6
Fighting       | 4 5 6 7 9 10 12 13 | 13.1
Throwing       | 1 2 3 4 6 7 8 |  8.1
Armour         | 4 5 6 7 8 10 11 12 | 12.2
Shields        | 4 5 7 8 |  8.1
Dodging        | 1 2 |  2.2
Evocations     | 1 2 3 |  3.8
Maces & Flails | 4 7 |  7.7

Action                   |  1- 3 |  4- 6 |  7- 9 | 10-12 | 13-15 || total
-------------------------+-------+-------+-------+-------+-------++-------
Melee: War axe           |    70 |    57 |   325 |   456 |   248 ||  1156
       Flail             |       |       |       |       |   189 ||   189
       Unarmed           |       |       |       |       |     1 ||     1
Throw: Dart              |    15 |       |    26 |   134 |    22 ||   197
       Boomerang         |    19 |    27 |    22 |       |       ||    68
Invok: Berserk           |       |       |     1 |     9 |     5 ||    15
Evoke: Wand              |       |       |     4 |    32 |    28 ||    64
  Use: Scroll            |     4 |     1 |     1 |     5 |    14 ||    25
       Potion            |       |       |     4 |     3 |     1 ||     8
 Stab: Invisible         |       |       |     2 |       |       ||     2
       Distracted        |       |       |     1 |       |       ||     1
       Paralysed         |       |       |       |     5 |       ||     5
       Petrified         |       |       |       |       |     2 ||     2
       Petrifying        |       |       |       |       |     1 ||     1
Armor: Scale mail        |    41 |    24 |     2 |       |       ||    67
       Chain mail        |       |       |   137 |    14 |   265 ||   416
       Plate armour      |       |       |    15 |   175 |       ||   190
Dodge: Dodged            |    36 |    19 |    93 |    92 |   117 ||   357
Block: Buckler           |    25 |     7 |    59 |    73 |    10 ||   174
       Kite shield       |       |       |       |       |   119 ||   119

Table legend: (Time is in decaauts)
 A = Elapsed time spent in this place.
 B = Non-inter-level travel time spent in this place.
 C = Inter-level travel time spent in this place.
 D = Time resting spent in this place.
 E = Time spent auto-exploring this place.
 F = Levels seen in this place.
 G = Mean time per level.
                   A        B        C        D        E       F      G
               +--------+--------+--------+--------+--------+-----+--------+
         Total |  20856 |  19752 |   1104 |   5831 |  10139 |  19 | 1097.7 |
       Dungeon |  15099 |  14078 |   1021 |   4214 |   7385 |  11 | 1372.6 |
        Temple |    240 |    240 |      0 |    194 |     25 |   1 |  240.0 |
          Lair |   4791 |   4708 |     83 |   1056 |   2638 |   5 |  958.2 |
         Sewer |    251 |    251 |      0 |     57 |     89 |   1 |  251.0 |
       Volcano |    474 |    474 |      0 |    310 |      0 |   1 |  474.0 |
               +--------+--------+--------+--------+--------+-----+--------+

Top non-repeatable levels by time:
     D:8: 1917 daAuts
     D:7: 1707 daAuts
    D:11: 1702 daAuts
     D:5: 1669 daAuts
     D:4: 1626 daAuts
     D:9: 1593 daAuts
    D:10: 1354 daAuts
  Lair:1: 1311 daAuts
  Lair:4: 1143 daAuts
     D:6: 1126 daAuts
  Lair:3: 940 daAuts
     D:3: 872 daAuts
     D:2: 865 daAuts
  Lair:2: 855 daAuts
     D:1: 664 daAuts
